EVO
FRESNO STATE UNIVERSITY BULLDOGS @ RICE UNIVERSITY OWLS
11/24/2044
 
TOP OF THE 1ST
University of Virginia Cavaliers batting - Pitching for Coastal Carolina University Chanticleers : RHP Arthur Cuvelier
Pitching: RHP Arthur Cuvelier
Batting: LHB Elias Posada 0-0: Called Strike
0-1: Swinging Strike
0-2: Ball
1-2: Ball
2-2: Foul Ball, location: 2F
2-2: Foul Ball, location: 2F
2-2: Ball
3-2: Foul Ball, location: 2F
3-2: Foul Ball, location: 2F
3-2: Foul Ball, location: 2F
3-2: Ground out 6-3 (Groundball, 6, EV 103.8 MPH)
Batting: LHB Davion Lewis 0-0: Foul Ball, location: 2F
0-1: DOUBLE (Flyball, 9LM, EV 91.3 MPH)
Batting: RHB Shawn Weber 0-0: Swinging Strike
0-1: Ground out 5-3 (Groundball, 56, EV 80.6 MPH)
Batting: RHB Omar Arroyo 0-0: Swinging Strike
0-1: Ball
1-1: Ball
2-1: Fly out, F7 (Flyball, 7D, EV 78.8 MPH)
Top of the 1st over - 0 runs, 1 hit, 0 errors, 1 left on base; University of Virginia 0 - Coastal Carolina University 0
BOTTOM OF THE 1ST
Coastal Carolina University Chanticleers batting - Pitching for University of Virginia Cavaliers : RHP Victor Morales
Pitching: RHP Victor Morales
Batting: LHB Elmo Dreier 0-0: Ball
1-0: Ball
2-0: Fly out, F6 (Popup, 6D, EV 61.3 MPH)
Batting: RHB Adrian Billups 0-0: Foul Ball, location: 2F
0-1: Called Strike
0-2: Strikes out swinging
Batting: RHB Mark Williams 0-0: Ball
1-0: Foul Ball, location: 2F
1-1: Swinging Strike
1-2: Ball
2-2: Strikes out looking
Bottom of the 1st over - 0 runs, 0 hits, 0 errors, 0 left on base; University of Virginia 0 - Coastal Carolina University 0
TOP OF THE 2ND
University of Virginia Cavaliers batting - Pitching for Coastal Carolina University Chanticleers : RHP Arthur Cuvelier
Batting: LHB Josh Harris 0-0: Called Strike
0-1: Foul Ball, location: 2F
0-2: Ball
1-2: Strikes out looking
Batting: RHB Malachi Ephron 0-0: Called Strike
0-1: Swinging Strike
0-2: Foul Ball, location: 2F
0-2: Ball
1-2: Strikes out swinging
Batting: SHB Marco de Leon 0-0: Called Strike
0-1: Ball
1-1: Ball
2-1: Called Strike
2-2: Foul Ball, location: 2F
2-2: Fly out, F9 (Flyball, 9D, EV 87.5 MPH)
Top of the 2nd over - 0 runs, 0 hits, 0 errors, 0 left on base; University of Virginia 0 - Coastal Carolina University 0
BOTTOM OF THE 2ND
Coastal Carolina University Chanticleers batting - Pitching for University of Virginia Cavaliers : RHP Victor Morales
Batting: RHB Matt Black 0-0: Swinging Strike
0-1: Fly out, F3 (Popup, 3SF, EV 77.5 MPH)
Batting: LHB Adam Eisen 0-0: Ball
1-0: Ground out 6-3 (Groundball, 6, EV 105.6 MPH)
Batting: LHB Angel Mejia 0-0: Called Strike
0-1: Ball
1-1: SINGLE (Line Drive, 7S, EV 105.6 MPH)
Batting: RHB Travis Sheppard 0-0: Ball
1-0: Foul Ball, location: 2F
1-1: Fly out, F3 (Popup, 3, EV 75.0 MPH)
Bottom of the 2nd over - 0 runs, 1 hit, 0 errors, 1 left on base; University of Virginia 0 - Coastal Carolina University 0
TOP OF THE 3RD
University of Virginia Cavaliers batting - Pitching for Coastal Carolina University Chanticleers : RHP Arthur Cuvelier
Batting: RHB Tristan Lewis 0-0: Foul Ball, location: 2F
0-1: Ball
1-1: Foul Ball, location: 2F
1-2: Strikes out looking
Batting: RHB Victor Morales 0-0: Ground out 6-3 (Groundball, 56, EV 97.5 MPH)
Batting: LHB Elias Posada 0-0: Fly out, F8 (Line Drive, 8RM, EV 98.8 MPH)
Top of the 3rd over - 0 runs, 0 hits, 0 errors, 0 left on base; University of Virginia 0 - Coastal Carolina University 0
BOTTOM OF THE 3RD
Coastal Carolina University Chanticleers batting - Pitching for University of Virginia Cavaliers : RHP Victor Morales
Batting: LHB Roman Downey 0-0: Ball
1-0: Swinging Strike
1-1: SOLO HOME RUN (Flyball, 89XD, EV 97.5 MPH), Distance : 439 ft
Batting: RHB Arthur Cuvelier 0-0: Ball
1-0: Fly out, F9 (Flyball, 89D, EV 101.3 MPH)
Batting: LHB Elmo Dreier 0-0: Called Strike
0-1: Ball
1-1: Fly out, F9 (Line Drive, 9, EV 93.8 MPH)
Batting: RHB Adrian Billups 0-0: Ball
1-0: Ball
2-0: Called Strike
2-1: Ground out 6-3 (Groundball, 6, EV 88.8 MPH)
Bottom of the 3rd over - 1 run, 1 hit, 0 errors, 0 left on base; University of Virginia 0 - Coastal Carolina University 1
TOP OF THE 4TH
University of Virginia Cavaliers batting - Pitching for Coastal Carolina University Chanticleers : RHP Arthur Cuvelier
Batting: LHB Davion Lewis 0-0: Fly out, F9 (Line Drive, 9, EV 103.1 MPH)
Batting: RHB Shawn Weber 0-0: Foul Ball, location: 2F
0-1: Foul Ball, location: 2F
0-2: Ball
1-2: Ball
2-2: Ball
3-2: Fly out, F6 (Popup, 56, EV 52.5 MPH)
Batting: RHB Omar Arroyo 0-0: Ball
1-0: Ground out 4-3 (Groundball, 34, EV 85.6 MPH)
Top of the 4th over - 0 runs, 0 hits, 0 errors, 0 left on base; University of Virginia 0 - Coastal Carolina University 1
BOTTOM OF THE 4TH
Coastal Carolina University Chanticleers batting - Pitching for University of Virginia Cavaliers : RHP Victor Morales
Batting: RHB Mark Williams 0-0: Called Strike
0-1: Foul Ball, location: 2F
0-2: Ball
1-2: DOUBLE (Groundball, 5L, EV 95.0 MPH)
Batting: RHB Matt Black 0-0: Called Strike
0-1: Ball
1-1: Ball
2-1: Called Strike
2-2: Foul Ball, location: 2F
2-2: Ball
3-2: Foul Ball, location: 2F
3-2: Base on Balls
Batting: LHB Adam Eisen 0-0: Ball
1-0: Ball
2-0: Foul Ball, location: 2F
2-1: Foul Ball, location: 2F
2-2: Ball
3-2: Fly out, F8 (Flyball, 8RD, EV 83.1 MPH)
Batting: LHB Angel Mejia 0-0: SINGLE (Groundball, 4MD, EV 107.5 MPH)
Mark Williams to third
Matt Black to second
Runner from 3rd tries for Home, throw by CF and OUT! 8-2
Batting: RHB Travis Sheppard 0-0: Ball
1-0: Called Strike
1-1: Foul Ball, location: 2F
1-2: Fielders Choice at 2nd, 6-4 (Groundball, 6, EV 96.9 MPH)
Bottom of the 4th over - 0 runs, 2 hits, 0 errors, 2 left on base; University of Virginia 0 - Coastal Carolina University 1
TOP OF THE 5TH
University of Virginia Cavaliers batting - Pitching for Coastal Carolina University Chanticleers : RHP Arthur Cuvelier
Pitching: RHP Chris Carrier
Batting: LHB Josh Harris 0-0: Ball
1-0: Ball
2-0: Called Strike
2-1: Ground out 5-3 (Groundball, 56, EV 78.8 MPH)
Batting: RHB Malachi Ephron 0-0: Ball
1-0: Ball
2-0: Foul Ball, location: 2F
2-1: Called Strike
2-2: Foul Ball, location: 2F
2-2: Ball
3-2: Fly out, F6 (Popup, 56D, EV 61.3 MPH)
Batting: SHB Marco de Leon 0-0: Foul Ball, location: 2F
0-1: Ball
1-1: Ball
2-1: Swinging Strike
2-2: Strikes out swinging
Top of the 5th over - 0 runs, 0 hits, 0 errors, 0 left on base; University of Virginia 0 - Coastal Carolina University 1
BOTTOM OF THE 5TH
Coastal Carolina University Chanticleers batting - Pitching for University of Virginia Cavaliers : RHP Victor Morales
Batting: LHB Roman Downey 0-0: Called Strike
0-1: Ball
1-1: Ball
2-1: Swinging Strike
2-2: DOUBLE (Line Drive, 78M, EV 92.5 MPH)
Batting: LHB Chris Carrier 0-0: Sac Bunt to 2R - play at first, batter OUT! 2-4
Roman Downey to third
Batting: LHB Elmo Dreier 0-0: Called Strike
0-1: Called Strike
0-2: Fly out, F6 (Popup, 56, EV 56.9 MPH)
Batting: RHB Adrian Billups 0-0: Swinging Strike
0-1: Foul Ball, location: 2F
0-2: Ball
1-2: Strikes out swinging
Bottom of the 5th over - 0 runs, 1 hit, 0 errors, 1 left on base; University of Virginia 0 - Coastal Carolina University 1
TOP OF THE 6TH
University of Virginia Cavaliers batting - Pitching for Coastal Carolina University Chanticleers : RHP Chris Carrier
Batting: RHB Tristan Lewis 0-0: Swinging Strike
0-1: SOLO HOME RUN (Flyball, 9D, EV 110.6 MPH), Distance : 386 ft
Batting: RHB Victor Morales 0-0: Ball
1-0: Ball
2-0: Ground out 5-3 (Groundball, 5L, EV 102.5 MPH)
Batting: LHB Elias Posada 0-0: Called Strike
0-1: Fly out, F4 (Popup, 34S, EV 66.9 MPH)
Batting: LHB Davion Lewis 0-0: Ground out 6-3 (Groundball, 6, EV 85.0 MPH)
Top of the 6th over - 1 run, 1 hit, 0 errors, 0 left on base; University of Virginia 1 - Coastal Carolina University 1
BOTTOM OF THE 6TH
Coastal Carolina University Chanticleers batting - Pitching for University of Virginia Cavaliers : RHP Victor Morales
Batting: RHB Mark Williams 0-0: Ball
1-0: Called Strike
1-1: Ball
2-1: Called Strike
2-2: Ground out 6-3 (Groundball, 56, EV 105.0 MPH)
Batting: RHB Matt Black 0-0: Called Strike
0-1: Swinging Strike
0-2: Ball
1-2: Ball
2-2: Ball
3-2: Foul Ball, location: 2F
3-2: Strikes out looking
Batting: LHB Adam Eisen 0-0: Foul Ball, location: 2F
0-1: Called Strike
0-2: Ball
1-2: Foul Ball, location: 2F
1-2: Strikes out swinging
Bottom of the 6th over - 0 runs, 0 hits, 0 errors, 0 left on base; University of Virginia 1 - Coastal Carolina University 1
TOP OF THE 7TH
University of Virginia Cavaliers batting - Pitching for Coastal Carolina University Chanticleers : RHP Chris Carrier
Pitching: RHP Dwight Bean
Batting: RHB Shawn Weber 0-0: Foul Ball, location: 2F
0-1: Ball
1-1: Foul Ball, location: 2F
1-2: Ball
2-2: Ball
3-2: DOUBLE (Line Drive, 89D, EV 105.6 MPH)
Batting: RHB Omar Arroyo 0-0: Intentional Walk
Batting: LHB Josh Harris 0-0: Called Strike
0-1: Fly out, F8 (Flyball, 8LM, EV 83.1 MPH)
Batting: RHB Malachi Ephron 0-0: Ball
1-0: Ball
2-0: DOUBLE (Line Drive, 8LD, EV 112.5 MPH)
Shawn Weber scores
Omar Arroyo to third
Batting: SHB Marco de Leon 0-0: Intentional Walk
Batting: RHB Tristan Lewis 0-0: Called Strike
0-1: SINGLE (Line Drive, 4MD, EV 105.0 MPH)
Omar Arroyo scores
Malachi Ephron to third
Marco de Leon to second
Batting: RHB Victor Morales 0-0: Ball
1-0: Called Strike
1-1: Foul Ball, location: 2F
1-2: Strikes out swinging
Batting: LHB Elias Posada 0-0: Ball
1-0: Ground out 4-3 (Groundball, 4S, EV 64.4 MPH)
Top of the 7th over - 2 runs, 3 hits, 0 errors, 3 left on base; University of Virginia 3 - Coastal Carolina University 1
BOTTOM OF THE 7TH
Coastal Carolina University Chanticleers batting - Pitching for University of Virginia Cavaliers : RHP Victor Morales
Batting: LHB Angel Mejia 0-0: Ball
1-0: Swinging Strike
1-1: Reached on error, E4 (Groundball, 34D, EV 83.8 MPH)
Batting: RHB Travis Sheppard 0-0: Ball
1-0: SINGLE (Groundball, 34, EV 93.8 MPH)
Angel Mejia to second
Runner from 2nd tries for 3rd, SAFE, throw by RF made to third
Travis Sheppard to second
Batting: LHB Roman Downey 0-0: Ball
1-0: Called Strike
1-1: Foul Ball, location: 2F
1-2: Ground out 4-3 (Groundball, 4, EV 91.9 MPH)
Angel Mejia scores
Travis Sheppard to third
Pinch Hitting: RHB Brian Gargis 0-0: Ball
1-0: Foul Ball, location: 2F
1-1: Ground out U3 (Groundball, 3S, EV 66.9 MPH)
Batting: LHB Elmo Dreier 0-0: Ball
1-0: Ball
2-0: Ball
3-0: Called Strike
3-1: Base on Balls
Pinch Hitting: RHB David Norum 0-0: SINGLE (Groundball, 6MD, EV 95.6 MPH)
Travis Sheppard scores
Elmo Dreier to second
Pitching: LHP Mike Ross
Batting: RHB Mark Williams 0-0: Called Strike
0-1: Fly out, F8 (Flyball, 78D, EV 93.8 MPH)
Bottom of the 7th over - 2 runs, 2 hits, 1 error, 2 left on base; University of Virginia 3 - Coastal Carolina University 3
TOP OF THE 8TH
University of Virginia Cavaliers batting - Pitching for Coastal Carolina University Chanticleers : RHP Dwight Bean
Pitching: RHP Arnel Mangalindan
Now at SS: David Norum
Batting: LHB Davion Lewis 0-0: Ball
1-0: SINGLE (Groundball, 4MS, EV 71.3 MPH) (infield hit)
Batting: RHB Shawn Weber 0-0: Foul Ball, location: 2F
0-1: Fly out, F8 (Line Drive, 8RD, EV 94.4 MPH)
Batting: RHB Omar Arroyo 0-0: Foul Ball, location: 2F
0-1: Ball
1-1: Swinging Strike
1-2: Ball
2-2: Strikes out swinging
Batting: LHB Josh Harris 0-0: Called Strike
0-1: Called Strike
0-2: Ball
1-2: Ball
2-2: Fly out, F2 (Popup, 2LF, EV 90.0 MPH)
Top of the 8th over - 0 runs, 1 hit, 0 errors, 1 left on base; University of Virginia 3 - Coastal Carolina University 3
BOTTOM OF THE 8TH
Coastal Carolina University Chanticleers batting - Pitching for University of Virginia Cavaliers : LHP Mike Ross
Batting: RHB Matt Black 0-0: Called Strike
0-1: Foul Ball, location: 2F
0-2: Ball
1-2: Ball
2-2: Ball
3-2: Fly out, F3 (Popup, 3S, EV 71.3 MPH)
Batting: LHB Adam Eisen 0-0: Ball
1-0: Ball
2-0: DOUBLE (Line Drive, 9LD, EV 114.4 MPH)
Batting: LHB Angel Mejia 0-0: Intentional Walk
Batting: RHB Travis Sheppard 0-0: Ball
1-0: Ball
2-0: Ball
3-0: Called Strike
3-1: Foul Ball, location: 2F
3-2: Foul Ball, location: 2F
3-2: Foul Ball, location: 2F
3-2: SINGLE (Groundball, 56, EV 100.0 MPH)
Adam Eisen to third
Angel Mejia to second
Batting: LHB Roman Downey 0-0: Ball
1-0: Ball
2-0: Fly out, F8 (Flyball, 89D, EV 109.4 MPH)
Runner from 3rd tags up, SCORES, throw by CF
Angel Mejia to third
Pinch Hitting: RHB Matt Alderson 0-0: Swinging Strike
0-1: Ball
1-1: Swinging Strike
1-2: Foul Ball, location: 2F
1-2: Ball
2-2: Foul Ball, location: 2F
2-2: Strikes out swinging
Bottom of the 8th over - 1 run, 2 hits, 0 errors, 2 left on base; University of Virginia 3 - Coastal Carolina University 4
TOP OF THE 9TH
University of Virginia Cavaliers batting - Pitching for Coastal Carolina University Chanticleers : RHP Arnel Mangalindan
Pitching: RHP John Ruppert
Pinch Hitting: RHB Chris Miller 0-0: Hit by Pitch
Pinch Hitting: RHB Alex Cid 0-0: Ball
1-0: Foul Ball, location: 2F
1-1: 2-RUN HOME RUN (Line Drive, 78XD, EV 104.4 MPH), Distance : 426 ft
Batting: RHB Tristan Lewis 0-0: Fly out, F9 (Line Drive, 9, EV 104.4 MPH)
Pinch Hitting: RHB Mike Zern 0-0: Called Strike
0-1: Foul Ball, location: 2F
0-2: Ball
1-2: Ball
2-2: Ball
3-2: Strikes out swinging
Batting: LHB Elias Posada 0-0: Ball
1-0: Ball
2-0: SINGLE (Line Drive, 78S, EV 95.6 MPH)
Batting: LHB Davion Lewis 0-0: Fly out, F8 (Line Drive, 8LD, EV 110.6 MPH)
Top of the 9th over - 2 runs, 2 hits, 0 errors, 1 left on base; University of Virginia 5 - Coastal Carolina University 4
BOTTOM OF THE 9TH
Coastal Carolina University Chanticleers batting - Pitching for University of Virginia Cavaliers : LHP Mike Ross
Pitching: RHP Ray Willenbrink
Now at C: Jon Hendricksen
Now at 1B: Alex Cid
Pinch Hitting: RHB Jody McKitrick 0-0: SINGLE (Flyball, 4MD, EV 88.8 MPH)
Batting: RHB David Norum 0-0: Sac Bunt to 15 - play at first, batter OUT! 1-4
Jody McKitrick to second
Batting: RHB Mark Williams 0-0: Called Strike
0-1: Swinging Strike
0-2: SINGLE (Line Drive, 8LS, EV 91.9 MPH)
Jody McKitrick to third
Batting: RHB Matt Black 0-0: Foul Ball, location: 2F
0-1: Ball
1-1: Foul Ball, location: 2F
1-2: Ball
2-2: Ball
3-2: Foul Ball, location: 2F
3-2: Reached on error, E9 (Flyball, 9D, EV 75.6 MPH)
Jody McKitrick scores
Mark Williams to third
Batting: LHB Adam Eisen 0-0: Intentional Walk
Batting: LHB Angel Mejia 0-0: Foul Ball, location: 2F
0-1: Foul Ball, location: 2F
0-2: Strikes out swinging
Batting: RHB Travis Sheppard 0-0: Called Strike
0-1: Ball
Wild Pitch!
Mark Williams scores
Bottom of the 9th over - 2 runs, 2 hits, 1 error, 0 left on base; University of Virginia 5 - Coastal Carolina University 6
Game Over ... Coastal Carolina University defeats University of Virginia, 6 to 5
Thursday, March 31st , 2022 - OOTP Baseball 22.12 Build 89